 Dungeon Crawl Stone Soup version 0.27-a0-79-gcaaa221d37 (webtiles) character file.

Game seed: 4898684506720562058

20581 kae the Grappler (level 12, 0/110 HPs)
             Began as a Naga Transmuter on Jan 14, 2021.
             Was the Champion of Cheibriados.
             Slain by an elephant (14 damage)
             ... on level 3 of the Lair of Beasts.
             The game lasted 00:11:29 (19986 turns).

kae the Grappler (Naga Transmuter)                 Turns: 19986, Time: 00:11:30

Health: 0/110      AC: 12    Str: 36    XL:     12   Next: 81%
Magic:  12/23      EV: 14    Int: 29    God:    Cheibriados [******]
Gold:   577        SH:  0    Dex: 27    Spells: 13/26 levels left

rFire    . . .     SeeInvis +     - Unarmed
rCold    + . .     Faith    .   (shield currently unavailable)
rNeg     + . .     Spirit   .   G - +0 steam dragon scales
rPois    +         Reflect  .   (no helmet)
rElec    +         Harm     .   (no cloak)
rCorr    .         Rampage  .   (gloves currently unavailable)
Will     +....                  A - +2 barding {rC+}
Stlth    ++........             (no amulet)
HPRegen  0.28/turn              d - +6 ring of strength
MPRegen  0.18/turn              l - ring of Ewe Qoage {rElec rPois rN+ Str-2}

@: blade hands, very slow
A: large, see invisible, deformed body, poison resistance, slowness 2, spit
poison 1, AC +4
a: Spit Poison, End Transformation, Renounce Religion, Bend Time, Temporal
Distortion, Slouch, Step From Time


You were on level 3 of the Lair of Beasts.
You worshipped Cheibriados.
Cheibriados was exalted by your worship.
You had blades for hands.
You visited 2 branches of the dungeon, and saw 13 of its levels.

You collected 687 gold pieces.
You spent 110 gold pieces at shops.

Inventory:

Armour
 A - a +2 barding of cold resistance (worn)
 G - +0 steam dragon scales (worn)
Jewellery
 d - a +6 ring of strength (left scythe-like blade)
 l - the ring of Ewe Qoage (right scythe-like blade) {rElec rPois rN+ Str-2}
   (You bought it in a shop on level 9 of the Dungeon)

   [ring of positive energy]

   It affects your strength (-2).
   It insulates you from electricity.
   It protects you from poison.
   It protects you from negative energy.
 v - an uncursed ring of willpower
 C - an uncursed ring of magical power
 D - an uncursed ring of fire
 E - a +6 ring of strength
 F - an uncursed amulet of magic regeneration
 L - an uncursed ring of willpower
Wands
 x - a wand of flame (41)
 y - a wand of random effects (17)
 B - a wand of acid (3)
 H - a wand of disintegration (6)
 K - a wand of enslavement (13)
Scrolls
 e - 2 scrolls of amnesia
 i - a scroll of fog
 j - 8 scrolls of remove curse
 k - 2 scrolls of enchant armour
 m - 5 scrolls of blinking
 n - 2 scrolls of fear
 q - 2 scrolls of magic mapping
 t - 4 scrolls of teleportation
Potions
 a - a potion of might
 b - a potion of lignification
 c - 3 potions of attraction
 f - a potion of brilliance
 g - 2 potions of cancellation
 h - 3 potions of flight
 o - 7 potions of mutation
 p - a potion of heal wounds
 r - a potion of berserk rage
 s - a potion of magic
 u - 7 potions of curing
 w - 3 potions of haste
 z - a potion of invisibility
 I - a potion of resistance {unknown}


   Skills:
 + Level 7.9 Fighting
 + Level 6.8 Dodging
 * Level 11.5 Unarmed Combat
 + Level 7.5 Spellcasting
 + Level 8.1 Transmutations
 - Level 5.0 Ice Magic
 - Level 3.0 Poison Magic
 + Level 6.6 Invocations


You had 13 spell levels left.
You knew the following spells:

 Your Spells              Type           Power        Failure   Level
a - Beastly Appendage     Tmut           100%         9%          1
b - Spider Form           Tmut/Pois      21%          19%         3
c - Ice Form              Ice/Tmut       49%          26%         4
d - Blade Hands           Tmut           27%          32%         5

Your spell library contained the following spells:

 Spells                   Type           Power        Failure   Level
 Wereblood                Tmut           55%          10%         2
 Ensorcelled Hibernation  Hex/Ice        50%          24%         2
 Poisonous Vapours        Pois/Air       38%          30%         2
 Corona                   Hex            11%          32%         1
 Magic Dart               Conj           40%          32%         1
 Blink                    Tloc           N/A          41%         2
 Call Imp                 Summ           10%          41%         2
 Searing Ray              Conj           20%          41%         2
 Slow                     Hex            10%          41%         2
 Mephitic Cloud           Conj/Pois/Air  16%          45%         3
 Confusing Touch          Hex            10%          54%         3
 Conjure Flame            Conj/Fire      10%          54%         3
 Dazzling Flash           Conj/Hex       20%          54%         3
 Tukima's Dance           Hex            10%          54%         3
 Fulminant Prism          Conj/Hex       5%           83%         4
 Iskenderun's Mystic Bla  Conj/Tloc      10%          83%         4
 Bolt of Magma            Conj/Fire/Erth 5%           98%         5
 Iskenderun's Battlesphe  Conj           10%          98%         5
 Freezing Cloud           Conj/Ice/Air   10%          100%        6
 Iron Shot                Conj/Erth      5%           100%        6
 Orb of Destruction       Conj           5%           100%        7
 Spellforged Servitor     Conj/Summ      5%           100%        7


Dungeon Overview and Level Annotations

Branches:
Dungeon (10/15)            Temple (0/1) D:5            Lair (3/6) D:10
 Spider (0/4) Lair:2          Orc (0/2) D:10
  Swamp: Lair:2-4    Shoals: Lair:2-4

Altars:
Cheibriados
Dithmenos
Elyvilon
Fedhas
Makhleb
Nemelex Xobeh
Ru
Sif Muna
Trog
Uskayaw
Vehumet
Xom

Shops:
D:9 *

Annotations:
D:4 exclusion: upstairs
D:9 1 runed translucent door, Megustar's ghost, journeyman DEFE
Lair:3 exclusion: hydra


Innate Abilities, Weirdness & Mutations

You cannot wear boots.
Your serpentine skin is tough. (AC +4)
You have supernaturally acute eyesight. (SInv)
Armour fits poorly on your strangely shaped body.
Your system is resistant to poisons. (rPois)
You cover ground very slowly.
You can spit poison.


Message History

You kill the seven-headed hydra!
Cheibriados appreciates the change of pace.
Casting: Ice Form (mildly dangerous; 3% risk of failure)
Confirm with . or Enter, or press ? or * to list all spells.
You warm up again.
Your +2 barding of cold resistance unmelds from your body.
Your +0 steam dragon scales unmelds from your body.
You feel resistant to cold.
Your hands turn into razor-sharp scythe blades.
The elephant barely misses you. The elephant closely misses you.
You slice the elephant!!
The elephant is moderately wounded.
You hit the elephant.
The elephant is moderately wounded.
The elephant closely misses you.
The elephant trunk-slaps you but does no damage.
You slice the elephant!!
The elephant is severely wounded.
The elephant tramples you!
You die...

P#.............#.Y#.....♣
.=.............#Y.P....♣
...............#..†....♣
...###..P#.........†...♣
..#......#.............♣
.......................♣
..P.............#P##..♣#
.........P.....Y### P##
..###P........†#@# ##
...............###
...............P#
................#
...............##
...#.P#.#.#.....## ##
..........+....#.###...#
..........#.............
......P.................


You could see an elephant.

Vanquished Creatures
  A hydra (Lair:3)
  Urug (D:10)
  Pikel (D:5)
  8 elephants
  2 black mambas (Lair:1)
  2 cane toads (Lair:2)
  Maggie (D:7)
  3 komodo dragons
  A troll (D:10)
  A polar bear (Lair:1)
  Grinder (D:6)
  A hornet (D:9)
  3 blink frogs (Lair:3)
  3 redbacks (Lair:2)
  A wyvern (D:7)
  A basilisk (Lair:1)
  A vampire (D:9)
  33 yaks
  Duvessa (D:5)
  3 water moccasins
  5 ice beasts
  8 orc warriors
  2 sky beasts
  A necrophage (D:9)
  A black bear (D:6)
  2 eyes of draining
  6 ogres
  3 phantoms
  5 wolves (Lair:2)
  5 centaurs
  4 lemures
  Blork the orc (D:5)
  9 bullfrogs
  Dowan (D:5)
  A water moccasin zombie (D:10)
  2 scorpions
  A water moccasin skeleton (D:8)
  5 killer bees (D:7)
  4 wights (D:7)
  5 howler monkeys
  A crimson imp (D:5)
  2 quasits
  2 bullfrog zombies
  5 orc priests
  6 hounds
  A jelly (D:7)
  15 orc wizards
  3 centaur skeletons
  4 iguanas
  7 worker ants
  A hound skeleton (D:6)
  A worker ant zombie (D:5)
  A howler monkey skeleton (D:5)
  7 gnolls
  7 adders
  4 shadow imps
  2 white imps
  An ufetubus (D:10)
  3 oozes
  An adder zombie (D:5)
  4 adder skeletons
  4 worms
  A dart slug (D:1)
  4 leopard geckos
  42 orcs
  6 bats
  4 giant cockroaches
  8 goblins
  3 hobgoblins
  10 jackals
  8 kobolds
  7 quokkas
  5 frilled lizards
  A quokka skeleton (D:8)
  7 rats
328 creatures vanquished.

Vanquished Creatures (others)
  A wizard (D:3)
  3 fungi
  39 plants
43 creatures vanquished.

Grand Total: 371 creatures vanquished

Notes
Turn   | Place    | Note
-------+----------+-------------------------------------------
     0 | D:1      | kae the Naga Transmuter began the quest for the Orb.
     0 | D:1      | Reached XP level 1. HP: 18/18 MP: 3/3
   525 | D:1      | Reached XP level 2. HP: 20/25 MP: 5/5
  1608 | D:1      | Reached XP level 3. HP: 23/31 MP: 4/6
  3439 | D:2      | Learned a level 3 spell: Spider Form
  3495 | D:3      | Reached XP level 4. HP: 38/39 MP: 7/7
  3773 | D:3      | Found a bloodstained altar of Trog.
  3774 | D:3      | Noticed a wizard
  3778 | D:3      | Killed a wizard
  4033 | D:3      | Found a blossoming altar of Fedhas.
  4081 | D:3      | Reached skill level 1 in Poison Magic
  4175 | D:3      | Noticed a centaur
  4202 | D:3      | Killed a centaur
  4203 | D:3      | Reached skill level 4 in Unarmed Combat
  4203 | D:3      | Reached XP level 5. HP: 18/45 MP: 5/8
  4522 | D:4      | Noticed an ogre
  4533 | D:4      | Killed an ogre
  4534 | D:4      | Reached XP level 6. HP: 54/54 MP: 3/10
  4754 | D:3      | Found a bloodstained altar of Trog.
  4754 | D:3      | Found a snail-covered altar of Cheibriados.
  4768 | D:3      | Became a worshipper of Cheibriados the Contemplative
  5345 | D:5      | Entered Level 5 of the Dungeon
  5484 | D:5      | Noticed Blork the orc
  5504 | D:5      | Killed Blork the orc
  5505 | D:5      | Reached XP level 7. HP: 8/61 MP: 4/11
  6118 | D:5      | Noticed Pikel
  6281 | D:5      | Reached skill level 5 in Unarmed Combat
  6367 | D:5      | Noticed Duvessa
  6371 | D:5      | Noticed Dowan
  6396 | D:5      | Killed Duvessa
  6398 | D:5      | Killed Dowan
  6693 | D:5      | Reached * piety under Cheibriados
  6738 | D:5      | Found a radiant altar of Vehumet.
  6738 | D:5      | Found a burning altar of Makhleb.
  6945 | D:5      | Learned a level 4 spell: Ice Form
  7059 | D:5      | Killed Pikel
  7060 | D:5      | Reached skill level 6 in Unarmed Combat
  7060 | D:5      | Reached XP level 8. HP: 52/72 MP: 10/13
  7192 | D:5      | Found a white marble altar of Elyvilon.
  7401 | D:5      | Found a staircase to the Ecumenical Temple.
  7588 | D:6      | Noticed Grinder
  7603 | D:6      | Killed Grinder
  7726 | D:6      | Reached XP level 9. HP: 30/78 MP: 11/15
  7978 | D:6      | Reached ** piety under Cheibriados
  8304 | D:6      | Reached skill level 7 in Unarmed Combat
  8593 | D:7      | Identified a scroll of acquirement
  8593 | D:7      | Acquired a +2 barding of cold resistance
  8925 | D:7      | Reached skill level 5 in Transmutations
  9340 | D:7      | Reached *** piety under Cheibriados
  9341 | D:7      | Reached skill level 5 in Ice Magic
  9721 | D:7      | Found a shimmering altar of Xom.
  9721 | D:7      | Found a shadowy altar of Dithmenos.
  9722 | D:7      | Found a sacrificial altar of Ru.
 10174 | D:7      | Noticed Maggie
 10563 | D:7      | Reached skill level 5 in Fighting
 10563 | D:7      | Reached XP level 10. HP: 88/88 MP: 17/17
 10574 | D:7      | Reached skill level 8 in Unarmed Combat
 10574 | D:7      | Reached skill level 1 in Invocations
 10655 | D:7      | Found a shimmering blue altar of Sif Muna.
 10904 | D:7      | Killed Maggie
 10905 | D:7      | Reached skill level 5 in Spellcasting
 11128 | D:7      | Found a shimmering altar of Xom.
 11128 | D:7      | Found a sacrificial altar of Ru.
 11129 | D:7      | Found a shadowy altar of Dithmenos.
 11511 | D:7      | Found a shimmering blue altar of Sif Muna.
 12597 | D:8      | Found a sparkling altar of Nemelex Xobeh.
 13107 | D:9      | Reached **** piety under Cheibriados
 13108 | D:9      | Reached skill level 5 in Dodging
 13143 | D:9      | Found a hide-covered altar of Uskayaw.
 13268 | D:9      | Reached skill level 9 in Unarmed Combat
 13528 | D:9      | Reached XP level 11. HP: 97/97 MP: 12/19
 14150 | D:9      | Found a runed translucent door.
 14150 | D:9      | Noticed Megustar's ghost (journeyman DEFE)
 14175 | D:9      | Found Poqunki's Assorted Antiques.
 14188 | D:9      | Reached ***** piety under Cheibriados
 14227 | D:9      | Bought a glittering brass ring for 110 gold pieces
 14227 | D:9      | Identified the ring of Ewe Qoage {rElec rPois rN+ Str-2}
                  | (You bought it in a shop on level 9 of the Dungeon)
 14638 | D:9      | Learned a level 5 spell: Blade Hands
 14671 | D:10     | Entered Level 10 of the Dungeon
 15568 | D:10     | Found a staircase to the Lair.
 15583 | D:10     | Found a staircase to the Orcish Mines.
 15921 | D:10     | Reached skill level 10 in Unarmed Combat
 16099 | D:10     | Noticed Urug
 16108 | D:10     | Killed Urug
 16726 | Lair:1   | Entered Level 1 of the Lair of Beasts
 16734 | D:10     | Reached skill level 5 in Invocations
 17469 | Lair:1   | Reached XP level 12. HP: 28/109 MP: 18/22
 18846 | Lair:2   | Found a hole to the Spider Nest.
 18867 | Lair:2   | Reached skill level 11 in Unarmed Combat
 19355 | Lair:2   | Reached ****** piety under Cheibriados
 19807 | Lair:3   | Noticed a seven-headed hydra
 19981 | Lair:3   | Killed a seven-headed hydra
 19986 | Lair:3   | Slain by an elephant

Illustrated notes

Levels and vault maps discovered:
D:1:      dpeg_arrival_chambers_temple_mockup, layout_basic
D:2:      layout_rooms
D:3:      layout_basic, nicolae_overflow_hidden_temple, trog_wizard
D:4:      layout_cave_pods
D:5:      layout_gridville, grunt_temple_overflow_lords_of_destruction,
          marbit_many_paths, lemuel_temple_firewalk_b, minmay_strange_pillars,
          minmay_tree_intersection, serial_bayou_lagoon_a, uniq_duvessa,
          uniq_blork_the_orc, uniq_pikel
D:6:      layout_basic, kennysheep_generic_room_4, uniq_grinder
D:7:      layout_loops_ring, kennysheep_mini, gammafunk_temple_overflow_claw,
          chequers_avenue, bh_walls_and_bars, uniq_maggie
D:8:      layout_loops_ring, nemelex_xobeh_ov_fountains_minmay
D:9:      layout_small_grid, lemuel_doored_altar, serial_shops, shop,
          gammafunk_ghost_grave
D:10:     layout_stronghold, dpeg_oklobed_lair, david_orc_2, uniq_urug
Lair:1:   layout_cave_pods
Lair:2:   layout_misc_corridors, spider_nest_entry_webs
Lair:3:   layout_chaotic_city, minmay_swamp_entry_worms

Skill      XL: |  1  2  3  4  5  6  7  8  9 10 11 12 |
---------------+-------------------------------------+-----
Dodging        | 2 3 4 5 6 |  6.8
Poison Magic   | 2 3 |  3.0
Fighting       | 2 3 4 5 6 7 |  7.9
Unarmed Combat | 4 6 7 9 10 11 | 11.5
Transmutations | 3 4 5 6 7 8 |  8.1
Spellcasting   | 3 4 5 6 7 |  7.5
Ice Magic      | 2 3 5 |  5.0
Invocations    | 3 5 6 |  6.6

Action                   |  1- 3 |  4- 6 |  7- 9 | 10-12 || total
-------------------------+-------+-------+-------+-------++-------
Melee: Unarmed           |   162 |   106 |   258 |   424 ||   950
       Headbutt          |    12 |     8 |       |       ||    20
       Punch             |     1 |     1 |     1 |    21 ||    24
 Cast: Beastly Appendage |    25 |    16 |     2 |       ||    43
       Spider Form       |       |     2 |    29 |     2 ||    33
       Ice Form          |       |       |     7 |    43 ||    50
       Blade Hands       |       |       |       |    20 ||    20
Invok: Bend Time         |       |       |       |     1 ||     1
 Abil: Spit Poison       |    19 |    19 |    11 |     1 ||    50
Evoke: Wand              |       |       |       |     1 ||     1
  Use: Potion            |       |     1 |     1 |       ||     2
       Scroll            |       |    13 |     6 |    10 ||    29
 Stab: Sleeping          |       |       |       |     2 ||     2
Armor: Robe              |    30 |    17 |    17 |     2 ||    66
       Skin              |       |    16 |     5 |    53 ||    74
       Steam dragon scal |       |       |       |    80 ||    80
Dodge: Dodged            |   116 |    60 |   195 |   301 ||   672

Table legend: (Time is in decaauts)
 A = Elapsed time spent in this place.
 B = Non-inter-level travel time spent in this place.
 C = Inter-level travel time spent in this place.
 D = Time resting spent in this place.
 E = Time spent auto-exploring this place.
 F = Levels seen in this place.
 G = Mean time per level.
                   A        B        C        D        E       F      G
               +--------+--------+--------+--------+--------+-----+--------+
         Total |  28531 |  27566 |    965 |   3069 |  21824 |  13 | 2194.7 |
       Dungeon |  23259 |  22430 |    829 |   2813 |  17306 |  10 | 2325.9 |
          Lair |   5272 |   5136 |    136 |    256 |   4517 |   3 | 1757.3 |
               +--------+--------+--------+--------+--------+-----+--------+

Top non-repeatable levels by time:
     D:7: 4896 daAuts
    D:10: 3529 daAuts
  Lair:1: 2891 daAuts
     D:1: 2641 daAuts
     D:9: 2355 daAuts
     D:5: 2242 daAuts
  Lair:2: 1904 daAuts
     D:4: 1790 daAuts
     D:8: 1664 daAuts
     D:6: 1568 daAuts
     D:2: 1441 daAuts
     D:3: 1129 daAuts
  Lair:3: 476 daAuts
